 Dungeon Crawl Stone Soup version 0.30-a0-715-gdb4ae3ece1 (webtiles) character file.

Game seed: 4821751327975189647

235 Darius099 the Ruffian (level 5, -7/50 HPs)
             Began as a Troll Monk on Jan 24, 2023.
             Mangled by SpyderV's ghost (11 damage)
             ... on level 3 of the Dungeon.
             The game lasted 00:02:48 (1950 turns).

Darius099 the Ruffian (Troll Monk)                  Turns: 1950, Time: 00:02:49

Health: -7/50      AC:  4    Str: 21    XL:     5   Next: 76%
Magic:  4/4        EV: 11    Int:  6    God:
Gold:   171        SH:  0    Dex: 12    Spells: 4/4 levels left

rFire   . . .      SeeInvis .      - Unarmed
rCold   . . .      Faith    .    (no shield)
rNeg    . . .      Spirit   .    j - +0 robe
rPois   .          Reflect  .    (helmet restricted)
rElec   .          Harm     .    (no cloak)
rCorr   .          Rampage  .    (gloves unavailable)
Will    .....                    (boots unavailable)
Stlth   ++                       (no amulet)
HPRegen 1.08/turn                (no ring)
MPRegen 0.09/turn                (no ring)

@: flying
A: large, unfitting armour, claws 3, regeneration 1, shaggy fur 1, tough skin 1
a: no special abilities


You were on level 3 of the Dungeon.
You visited 1 branch of the dungeon, and saw 3 of its levels.

You collected 171 gold pieces.

Inventory:

Armour
 a - a +0 robe
 j - a +0 robe (worn)
Scrolls
 d - 2 scrolls of noise {unknown}
 g - a scroll of blinking {unknown}
 l - a scroll of identify {unknown}
 n - a scroll of teleportation {unknown}
 o - a scroll of magic mapping {unknown}
 q - a scroll of amnesia {unknown}
Potions
 b - 2 potions of ambrosia
 c - a potion of degeneration {unknown}
 e - 2 potions of brilliance {unknown}
 f - 3 potions of flight
 h - 2 potions of heal wounds
 i - a potion of magic {unknown}
 k - a potion of attraction {unknown}
 m - a potion of curing {unknown}
 p - 2 potions of mutation {unknown}


   Skills:
 - Level 2.6 Fighting
 + Level 4.0 Dodging
 - Level 1.2 Stealth
 + Level 4.9 Unarmed Combat


You had 4 spell levels left.
You didn't know any spells.
Your spell library contained the following spells:

 Spells                   Type           Power      Damage    Failure   Level
 Beastly Appendage        Tmut           0%         N/A       45%         1
 Wereblood                Tmut           0%         N/A       58%         2
 Spider Form              Tmut/Pois      0%         N/A       83%         3


Dungeon Overview and Level Annotations

Branches:
Dungeon (3/15)

Altars:
Okawaru

Annotations:
D:3 SpyderV's ghost, amateur MiFi


Innate Abilities, Weirdness & Mutations

You are too large for most types of armour.
You have claws for hands.
Your natural rate of healing is unusually fast.
You are covered in fur. (AC +1)
You have tough skin. (AC +1)


Message History

You scratch tinescath's ghost.
Tinescath's ghost is severely damaged.
Tinescath's ghost hits you!
You closely miss tinescath's ghost.
Tinescath's ghost is severely damaged.
Tinescath's ghost hits you.
You claw tinescath's ghost!
Tinescath's ghost is almost destroyed.
Tinescath's ghost barely misses you.
You closely miss tinescath's ghost.
Tinescath's ghost is almost destroyed.
Tinescath's ghost hits you but does no damage.
You miss tinescath's ghost.
Tinescath's ghost is almost destroyed.
Tinescath's ghost hits you but does no damage.
You barely miss tinescath's ghost.
Tinescath's ghost is almost destroyed.
Tinescath's ghost hits you.
You barely miss tinescath's ghost.
Tinescath's ghost is almost destroyed.
Tinescath's ghost hits you but does no damage.
You claw tinescath's ghost!
You destroy tinescath's ghost!
Your Dodging skill increases to level 4!
You scratch SpyderV's ghost but do no damage.
You scratch SpyderV's ghost.
SpyderV's ghost is lightly damaged.
SpyderV's ghost hits you!
You claw SpyderV's ghost!
SpyderV's ghost is moderately damaged.
SpyderV's ghost hits you!!
* * * LOW HITPOINT WARNING * * *
You scratch SpyderV's ghost but do no damage.
SpyderV's ghost is moderately damaged.
SpyderV's ghost hits you.
* * * LOW HITPOINT WARNING * * *
You claw SpyderV's ghost!
SpyderV's ghost is heavily damaged.
SpyderV's ghost hits you!
You die...

#.# ##.........#†#.♣.♣.#.#. #.#
##..........#.##...##.#. #.#
#..#........#.♣#####♣.#.
#.####.####....####.......##.
#.#.......#.#####.#########..
###.#.###.....#.†...# ###..
#.....# #...##..##### #....
#.##.## #...##.## ####. ###....#
#...##@# ##?♣⌠♣$#### ##...###
#...##W# ##8.....8###
#..#..#####...##.#####.........##
#.......>............#♣.......♣#.
.......#.###.........#⌠.......⌠##
.......)))...#####.###♣..[....♣
...~..)#.#.#..# #.># ###'''###
......#..#....## ##.###.......# #
~~....).####...####)..........# #


You could see SpyderV's ghost.

Vanquished Creatures
  The ghost of tinescath the Ducker, an amateur DjGl (D:3)
  2 orc wizards (D:3)
  A gnoll (D:1)
  2 adders
  A worm (D:2)
  2 dart slugs
  6 orcs (D:3)
  3 ball pythons
  8 endoplasms
  2 goblins (D:1)
  4 hobgoblins
  8 jackals (D:1)
  A quokka (D:3)
  10 bats
  2 frilled lizards
  4 kobolds
  6 rats (D:1)
63 creatures vanquished.

Notes
Turn   | Place    | Note
-------+----------+-------------------------------------------
     0 | D:1      | Darius099 the Troll Monk began the quest for the Orb.
     0 | D:1      | Reached XP level 1. HP: 22/22 MP: 0/0
   139 | D:1      | Reached XP level 2. HP: 25/29 MP: 1/1
   230 | D:1      | You fall into a shaft and drop 1 floor!
   264 | D:2      | Found an iron altar of Okawaru.
   267 | D:2      | Reached XP level 3. HP: 36/36 MP: 2/2
  1381 | D:3      | Found a faded altar of an unknown god.
  1396 | D:3      | Found a runed translucent gate.
  1396 | D:3      | Found a runed translucent gate.
  1396 | D:3      | Found a runed translucent gate.
  1400 | D:3      | Noticed tinescath's ghost (amateur DjGl)
  1400 | D:3      | Noticed SpyderV's ghost (amateur MiFi)
  1454 | D:3      | Reached XP level 4. HP: 44/44 MP: 3/3
  1697 | D:3      | Reached XP level 5. HP: 50/50 MP: 4/4
  1945 | D:3      | Killed tinescath's ghost
  1950 | D:3      | Mangled by SpyderV's ghost

Illustrated notes

Levels and vault maps discovered:
D:1:      psy_arrival_wood_between_worlds, layout_basic, serial_park_tiny_pond,
          minmay_cupped
D:2:      layout_basic, basic_altar
D:3:      layout_rooms, basic_ecumenical_altar, gammafunk_ghost_cemetery,
          skrybe_limestone_x, grunt_ministairs_11

Skill      XL: |  1  2  3  4  5 |
---------------+----------------+-----
Dodging        | 3 4 |  4.0
Unarmed Combat | 4 |  4.9
Fighting       | |  2.6
Stealth        | |  1.2

Action                     |  1- 3 |  4- 6 || total
---------------------------+-------+-------++-------
  Melee: Unarmed           |   107 |    71 ||   178
         Punch             |     2 |     1 ||     3
    Use: Potion            |       |     2 ||     2
   Stab: Sleeping          |     3 |     1 ||     4
         Distracted        |     1 |       ||     1
 Armour: Robe              |    45 |    19 ||    64
  Dodge: Dodged            |    66 |    20 ||    86

Table legend: (Time is in decaauts)
 A = Elapsed time spent in this place.
 B = Non-inter-level travel time spent in this place.
 C = Inter-level travel time spent in this place.
 D = Time resting spent in this place.
 E = Time spent auto-exploring this place.
 F = Levels seen in this place.
 G = Mean time per level.
                   A        B        C        D        E       F      G
               +--------+--------+--------+--------+--------+-----+--------+
         Total |   1938 |   1904 |     34 |     27 |   1423 |   3 |  646.0 |
       Dungeon |   1938 |   1904 |     34 |     27 |   1423 |   3 |  646.0 |
               +--------+--------+--------+--------+--------+-----+--------+

Top non-repeatable levels by time:
     D:1: 714 daAuts
     D:2: 661 daAuts
     D:3: 562 daAuts
